 Dungeon Crawl Stone Soup version 0.21-a0-356-g45b0a09 (webtiles) character file.

3848 Spazmo the Thaumaturge (level 9, -12/45 HPs)
             Began as a Deep Elf Fire Elementalist on Oct 12, 2017.
             Mangled by a hornet (15 damage)
             ... on level 8 of the Dungeon.
             The game lasted 00:30:20 (8853 turns).

Spazmo the Thaumaturge (Deep Elf Fire Elementalist) Turns: 8853, Time: 00:30:21

Health: -12/45     AC:  6    Str:  5    XL:     9   Next: 98%
Magic:  20/25      EV: 13    Int: 26    God:
Gold:   462        SH:  0    Dex:  9    Spells: 13/28 levels left

rFire    . . .     SeeInvis +   y - +3 dagger "Beetlebane" {vamp, MR+ Int+2 SInv} (curse)
rCold    + . .     Gourm    .   (no shield)
rNeg     . . .     Faith    .   l - +1 robe
rPois    +         Spirit   .   (no helmet)
rElec    .         Reflect  .   (no cloak)
rCorr    .         Harm     .   (no gloves)
MR       +++..                  j - +0 pair of boots
Stlth    ++........             (no amulet)
HPRegen  0.15/turn              n - -6 ring of dexterity
MPRegen  0.19/turn              o - ring of protection from cold

@: slowed, very slow
A: yellow scales 1, magic resistance 2, poison resistance
a: no special abilities


You were on level 8 of the Dungeon.
You were not hungry.

You visited 2 branches of the dungeon, and saw 10 of its levels.

You collected 462 gold pieces.

Inventory:

Hand Weapons
 y - the cursed +3 dagger "Beetlebane" (weapon) {vamp, MR+ Int+2 SInv}
   (You found it on level 4 of the Dungeon)

   It inflicts no extra harm, but heals its wielder when it wounds a living foe.
   It affects your intelligence (+2).
   It affects your resistance to hostile enchantments.
   It lets you see invisible.
   It has a curse placed upon it.
Missiles
 g - 335 stones (quivered)
Armour
 j - a +0 pair of boots (worn)
 l - a +1 robe (worn)
Jewellery
 n - a -6 ring of dexterity (left hand)
 o - a ring of protection from cold (right hand)
 p - an uncursed ring of flight
Wands
 a - a wand of flame (12/48)
 k - a wand of lightning (9/15)
 r - a wand of disintegration (9/24)
 E - a wand of paralysis (15/24)
 F - a wand of disintegration (11/24)
 K - a wand of random effects (32/48)
Scrolls
 d - 4 scrolls of teleportation
 h - 2 scrolls of identify
 q - a scroll of random uselessness {unknown}
 s - a scroll of enchant weapon
 t - a scroll of blinking
 u - a scroll of amnesia
 w - 2 scrolls of remove curse
 B - 2 scrolls of magic mapping
Potions
 e - 2 potions of resistance
 f - 3 potions of cancellation
 i - a potion of invisibility {unknown}
 v - a potion of agility
 x - 2 potions of heal wounds {unknown}
 z - a potion of haste {unknown}
 D - 2 potions of curing
 I - a potion of brilliance {unknown}
Books
 b - a book of Flames

   Spells                             Type                      Level
   a - Flame Tongue                   Conjuration/Fire             1
   b - Throw Flame                    Conjuration/Fire             2
   c - Conjure Flame                  Conjuration/Fire             3
   d - Inner Flame                    Hexes/Fire                   3
   e - Sticky Flame                   Conjuration/Fire             4
   f - Fireball                       Conjuration/Fire             5
 G - a book of Debilitation

   Spells                             Type                      Level
   a - Corona                         Hexes                        1
   b - Slow                           Hexes                        2
   c - Inner Flame                    Hexes/Fire                   3
   d - Portal Projectile              Hexes/Translocation          3
   e - Cause Fear                     Hexes                        4
   f - Leda's Liquefaction            Hexes/Earth                  4
 H - a book of Minor Magic

   Spells                             Type                      Level
   a - Magic Dart                     Conjuration                  1
   b - Blink                          Translocation                2
   c - Call Imp                       Summoning                    2
   d - Slow                           Hexes                        2
   e - Conjure Flame                  Conjuration/Fire             3
   f - Mephitic Cloud                 Conjuration/Poison/Air       3
Comestibles
 c - 7 bread rations
 m - 7 meat rations
 A - 3 chunks of flesh
 C - a royal jelly
 J - 3 fruits


   Skills:
 + Level 0.2 Fighting
 + Level 3.1 Dodging
 - Level 3.0 Stealth
 - Level 10.0 Spellcasting
 + Level 9.5 Conjurations
 - Level 10.0 Fire Magic


You had 13 spell levels left.
You knew the following spells:

 Your Spells              Type           Power        Failure   Level  Hunger
a - Flame Tongue          Conj/Fire      #####        1%          1    None
b - Conjure Flame         Conj/Fire      ######..     1%          3    None
c - Sticky Flame          Conj/Fire      ######..     1%          4    None
d - Fireball              Conj/Fire      ######....   2%          5    ####...
e - Blink                 Tloc           N/A          7%          2    None


Dungeon Overview and Level Annotations

Branches:
Dungeon (9/15)             Temple (1/1) D:7
   Lair: D:8-11         Orc: D:9-12

Altars:
Ashenzari
Cheibriados
Dithmenos
Elyvilon
Fedhas
Gozag
Hepliaklqana
Makhleb
Nemelex Xobeh
Okawaru
Qazlal
Ru
Trog
Uskayaw
Wu Jian
Xom
Yredelemnul
Zin
The Shining One

Shops:
D:6 (


Innate Abilities, Weirdness & Mutations

You are partially covered in yellow scales. (AC +2)
You are highly resistant to hostile enchantments. (MR++)
Your system is resistant to poisons. (rPois)


Message History

Aim: a hornet The sticky flame hits the hornet.
The hornet is moderately wounded.
The hornet is covered in liquid flames!
You feel yourself speed up.
The hornet burns!
The hornet barely misses you. The hornet misses you.
The hornet burns!
The hornet barely misses you.
You climb upwards.
There is a stone staircase leading down here.
Casting: Sticky Flame
Confirm with . or Enter, or press ? or * to list all spells.
Aiming: Flame Tongue
Press: ? - help, Shift-Dir - straight line, f - hornet
Aim: a hornet (heavily wounded, covered in liquid flames)
The flame tongue hits the hornet.
The hornet is severely wounded.
The hornet burns!
The hornet stings you!
* * * LOW HITPOINT WARNING * * *
You feel yourself slow down. The hornet stings you!
You die...

##############
##...<.##.....##
##............<.##
#................#
#................#
#................#
#########................##
#........^.................
#.........@...............#
#........#y[............###
####.######.....##.........
#..##.............##....
#....##.############...?
#.##..#.......#####...##
#.###..................#
#.# ###................#
#.# #.................


You could see a hornet (burning).

Vanquished Creatures
  A two-headed ogre (D:9)
  Pikel (D:7)
  A yak (D:9)
  A water moccasin (D:8)
  3 orc warriors
  A sky beast (D:7)
  A slave (D:7)
  3 ice beasts
  2 phantoms
  3 ogres
  The ghost of adozu the Caller, an amateur DrSu (D:3)
  A centaur (D:5)
  3 bullfrogs
  A scorpion (D:4)
  2 howler monkeys
  A jelly (D:9)
  A bullfrog zombie (D:6)
  4 orc priests
  3 hounds
  6 orc wizards
  An iguana (D:4)
  5 worker ants
  A killer bee zombie (D:8)
  A hound skeleton (D:5)
  9 gnolls
  9 adders
  A river rat (D:4)
  A shadow imp (D:8)
  An adder skeleton (D:5)
  4 worms
  A dart slug (D:2)
  5 leopard geckos
  28 orcs
  6 giant cockroaches
  10 goblins
  8 hobgoblins
  A jackal (D:1)
  A quokka (D:7)
  5 ball pythons
  8 bats
  8 frilled lizards
  7 kobolds
  A quokka zombie (D:9)
  11 rats
173 creatures vanquished.

Vanquished Creatures (collateral kills)
  A crimson imp (D:5)
  An orc wizard (D:5)
  An adder skeleton (D:5)
  2 orcs (D:5)
5 creatures vanquished.

Vanquished Creatures (others)
  A hound (D:7)
  A centaur skeleton (D:7)
2 creatures vanquished.

Grand Total: 180 creatures vanquished

Notes
Turn   | Place    | Note
-------+----------+-------------------------------------------
     0 | D:1      | Spazmo the Deep Elf Fire Elementalist began the quest for the Orb.
     0 | D:1      | Reached XP level 1. HP: 10/10 MP: 6/6
   324 | D:1      | Reached XP level 2. HP: 15/15 MP: 4/8
  1357 | D:2      | Reached XP level 3. HP: 19/19 MP: 7/9
  1362 | D:2      | Learned a level 3 spell: Conjure Flame
  1809 | D:3      | Noticed adozu's ghost (amateur DrSu)
  2189 | D:3      | You fall through a shaft!
  2198 | D:4      | Reached XP level 4. HP: 24/24 MP: 1/12
  2439 | D:3      | HP: 1/24 [worker ant (6)]
  2713 | D:3      | Reached XP level 5. HP: 20/28 MP: 5/13
  2719 | D:3      | Learned a level 4 spell: Sticky Flame
  2852 | D:3      | Killed adozu's ghost
  3050 | D:3      | Reached skill level 5 in Spellcasting
  3063 | D:3      | Learned a level 5 spell: Fireball
  3361 | D:4      | Reached XP level 6. HP: 30/32 MP: 9/15
  3394 | D:4      | Reached skill level 5 in Fire Magic
  4042 | D:4      | Got a twisted dagger
  4101 | D:4      | Reached XP level 7. HP: 36/36 MP: 15/18
  4226 | D:4      | Found an iron altar of Okawaru.
  4471 | D:5      | Entered Level 5 of the Dungeon
  4615 | D:5      | Reached skill level 5 in Conjurations
  5560 | D:5      | Reached XP level 8. HP: 41/41 MP: 16/21
  5936 | D:6      | Identified the cursed +3 dagger "Beetlebane" {vamp, MR+ Int+2 SInv} (You found it on level 4 of the Dungeon)
  6345 | D:6      | Found Vog Zeko's Antique Weapon Shop.
  6533 | D:6      | Found a sacrificial altar of Ru.
  6533 | D:6      | Found a faded altar of an unknown god.
  6538 | D:6      | Found an ornate altar of the Wu Jian Council.
  6551 | D:6      | Found a faded altar of an unknown god.
  6552 | D:6      | Found a basalt altar of Yredelemnul.
  7140 | D:7      | Reached XP level 9. HP: 14/45 MP: 15/24
  7346 | D:7      | Found a staircase to the Ecumenical Temple.
  7376 | D:7      | Noticed Pikel
  7388 | D:7      | Killed Pikel
  7426 | Temple   | Entered the Ecumenical Temple
  7961 | D:8      | Learned a level 2 spell: Blink
  7974 | D:8      | Reached skill level 10 in Spellcasting
  8064 | D:8      | Gained mutation: You are weak. (Str -2) [potion of mutation]
  8064 | D:8      | Gained mutation: You are partially covered in yellow scales. (AC +2) [potion of mutation]
  8064 | D:8      | Gained mutation: Armour fits poorly on your strangely shaped body. [potion of mutation]
  8064 | D:8      | Gained mutation: You are resistant to hostile enchantments. (MR+) [potion of mutation]
  8065 | D:8      | Lost mutation: You are weak. (Str -2) [potion of mutation]
  8065 | D:8      | Lost mutation: Armour fits poorly on your strangely shaped body. [potion of mutation]
  8065 | D:8      | Gained mutation: Your system is resistant to poisons. (rPois) [potion of mutation]
  8065 | D:8      | Gained mutation: You are highly resistant to hostile enchantments. (MR++) [potion of mutation]
  8340 | D:9      | Noticed a two-headed ogre
  8363 | D:9      | Killed a two-headed ogre
  8589 | D:8      | Reached skill level 10 in Fire Magic
  8853 | D:8      | Mangled by a hornet

Vault maps used:
D:1:      nzn_arrival_depleted_hourglass, minmay_heptomino_h4
D:2:      serial_glass, glass_columns_b, glass_columns_a, minmay_strange_pillars
D:3:      minmay_misc_feat_rows
D:4:      okawaru_altar_gauntlet_db, first_bread, portal_sewer_entry_e
D:6:      chequers_temple_overflow_minitemple, serial_shops, nicolae_shop_stone
D:7:      temple_pool_b, grunt_ogre_cave, uniq_pikel
D:9:      grunt_temple_overflow_magic_moments, dk_noncrumbling_4,
          interstate_on_off
Temple:   regret_index_temple_generic_petals

Skill      XL: |  1  2  3  4  5  6  7  8  9 |
---------------+----------------------------+-----
Stealth        | 3 |  3.0
Dodging        | 3 |  3.1
Conjurations   | 2 3 4 5 7 9 |  9.5
Spellcasting   | 4 5 6 7 9 10 | 10.0
Fire Magic     | 4 5 6 8 10 | 10.0
Fighting       | |  0.2

Action                   |  1- 3 |  4- 6 |  7- 9 || total
-------------------------+-------+-------+-------++-------
Melee: Short sword       |    14 |     5 |       ||    19
       Long sword        |       |       |     4 ||     4
       Dagger            |       |       |     4 ||     4
Throw: Stone             |       |     2 |     4 ||     6
 Cast: Flame Tongue      |    83 |    99 |   294 ||   476
       Conjure Flame     |     1 |     1 |     4 ||     6
       Sticky Flame      |       |     2 |     9 ||    11
  Use: Scroll            |     6 |     3 |     4 ||    13
       Potion            |     1 |     3 |     4 ||     8
 Stab: Distracted        |       |       |     1 ||     1
  Eat: Chunk             |     3 |     7 |    14 ||    24
       Fruit             |       |       |     4 ||     4
       Royal jelly       |       |       |     1 ||     1
Armor: Robe              |     1 |     4 |    19 ||    24
Dodge: Dodged            |    26 |    19 |    69 ||   114
       Rpst.: Long sword |       |     1 |     3 ||     4

Table legend:
 A = Spawn XP
 B = Non-spawn XP
 C = Spawn XP percentage of total XP
 D = Spawn monster count
 E = Non-spawn monster count
 F = Spawn count percentage of total count
 G = Total turns spent on level
                    A         B        C        D         E        F      G
               +---------+---------+-------+---------+---------+-------+---------
         Total |       0 |    5498 |   0.0 |       0 |     177 |   0.0 |  8853
               +---------+---------+-------+---------+---------+-------+---------
           D:1 |       0 |      33 |   0.0 |       0 |      23 |   0.0 |  1162
           D:2 |       0 |      37 |   0.0 |       0 |      17 |   0.0 |  1027
           D:3 |       0 |     225 |   0.0 |       0 |      23 |   0.0 |  1046
           D:4 |       0 |     533 |   0.0 |       0 |      32 |   0.0 |  1236
           D:5 |       0 |     629 |   0.0 |       0 |      28 |   0.0 |  1333
           D:6 |       0 |     442 |   0.0 |       0 |      11 |   0.0 |   782
           D:7 |       0 |    1796 |   0.0 |       0 |      22 |   0.0 |  1093
           D:8 |       0 |     446 |   0.0 |       0 |      11 |   0.0 |   834
           D:9 |       0 |    1357 |   0.0 |       0 |      10 |   0.0 |   122
               +---------+---------+-------+---------+---------+-------+---------
